 Dungeon Crawl Stone Soup version 0.21-a0-104-g7b58145 (webtiles) character file.

502 Alarkh the Chopper (level 6, 48/48 HPs)
             Began as a Demonspawn Monk on July 6, 2017.
             Quit the game on level 4 of the Dungeon.
             The game lasted 00:05:38 (5818 turns).

Alarkh the Chopper (Demonspawn Monk)                Turns: 5818, Time: 00:05:39

Health: 48/48      AC:  3    Str: 11    XL:     6   Next: 95%
Magic:  6/6        EV: 14    Int: 14    God:
Gold:   187        SH:  0    Dex: 15    Spells: 5/5 levels left

rFire    . . .     SeeInvis .   a - +0 battleaxe
rCold    . . .     Gourm    .   (shield currently unavailable)
rNeg     . . .     Faith    .   t - +0 leather armour (curse)
rPois    .         Spirit   .   (no helmet)
rElec    .         Reflect  .   (no cloak)
rCorr    .         Harm     .   (no gloves)
MR       .....                  (no boots)
Stlth    ++++......             (no amulet)
HPRegen  0.16/turn              l - ring of stealth
MPRegen  0.10/turn              (no ring)

@: no status effects
A: claws 2, nightstalker 1, spiny 1
a: no special abilities


You were on level 4 of the Dungeon.
You were hungry.

You visited 1 branch of the dungeon, and saw 4 of its levels.

You collected 187 gold pieces.

Inventory:

Hand Weapons
 a - a +0 battleaxe (weapon)
 d - a +0 hand axe
 m - a +2 antimagic quarterstaff
 s - a +0 morningstar
Armour
 b - a +0 robe
 t - a cursed +0 leather armour (worn)
Jewellery
 l - a ring of stealth (left claw)
Wands
 r - a wand of lightning (3/15)
Scrolls
 e - a scroll of identify
 g - a scroll of remove curse
 h - a scroll of teleportation
 j - a scroll of immolation {unknown}
 n - a scroll of enchant armour {unknown}
 q - a scroll of recharging {unknown}
Potions
 i - a potion of magic
 o - 2 potions of flight
 p - a potion of mutation
Comestibles
 c - 2 bread rations
 f - 5 fruits
 k - 2 meat rations


   Skills:
 + Level 3.8 Fighting
 + Level 4.1(4.5) Axes
 - Level 2.9(3.9) Maces & Flails
 - Level 0.3 Armour
 + Level 4.1 Dodging
 + Level 3.6 Stealth


You had 5 spell levels left.
You didn't know any spells.

Dungeon Overview and Level Annotations

Branches:
Dungeon (4/15)
 Temple: D:4-7

Altars:
Ashenzari
Gozag
Nemelex Xobeh
Trog


Innate Abilities, Weirdness & Mutations

You have very sharp fingernails.
You are slightly more attuned to the shadows.
You are partially covered in sharp spines.


Message History

The hound skeleton is struck by your spines.
The hound skeleton bites you but does no damage.
The hound skeleton misses you.
You slash the hound skeleton!
The hound skeleton is severely damaged.
The hound skeleton bites you. x2
You slash the hound skeleton!
You destroy the hound skeleton!
No target in view!
No target in view!
No target in view!
No target in view!
No target in view!
No target in view!
No target in view!
f - 5 fruits (gained 4)
A scorpion comes into view.
A scorpion is nearby!
A scorpion is nearby!
Are you sure you want to abandon this character and quit the game? (Confirm with "yes".)

....
...s
#..
#..
#.#
#.#
#@#
#.#
#.#
#.#
#.#
#.#
#.#
#.#
#.#


You could see a scorpion (sleeping).

Vanquished Creatures
  Sigmund (D:3)
  A phantom (D:3)
  A crimson imp (D:3)
  2 worker ants (D:4)
  A hound skeleton (D:4)
  2 gnolls
  7 adders
  An ooze (D:4)
  2 adder skeletons (D:4)
  A worm (D:3)
  3 dart slugs
  2 leopard geckos
  5 orcs (D:3)
  A ball python (D:3)
  4 bats
  2 giant cockroaches (D:1)
  4 goblins
  7 hobgoblins
  3 jackals (D:3)
  3 quokkas
  6 frilled lizards
  A jackal zombie (D:3)
  6 kobolds
  5 rats
71 creatures vanquished.

Notes
Turn   | Place    | Note
-------+----------+-------------------------------------------
     0 | D:1      | Alarkh the Demonspawn Monk began the quest for the Orb.
     0 | D:1      | Reached XP level 1. HP: 18/18 MP: 1/1
   501 | D:1      | Gained mutation: You are slightly more attuned to the shadows. [demonic ancestry]
   501 | D:1      | Reached XP level 2. HP: 24/24 MP: 2/2
  1156 | D:2      | Found a sparkling altar of Nemelex Xobeh.
  1258 | D:2      | Reached XP level 3. HP: 24/29 MP: 3/3
  1888 | D:2      | HP: 1/29 [poisoned by an adder]
  2248 | D:2      | Found a bloodstained altar of Trog.
  2589 | D:3      | Gained mutation: You have sharp fingernails. [demonic ancestry]
  2589 | D:3      | Reached XP level 4. HP: 19/35 MP: 4/4
  3892 | D:3      | Noticed Sigmund
  3909 | D:3      | Killed Sigmund
  3909 | D:3      | Reached skill level 1 in Maces & Flails
  3909 | D:3      | Gained mutation: You are partially covered in sharp spines. [demonic ancestry]
  3909 | D:3      | Reached XP level 5. HP: 40/42 MP: 5/5
  3909 | D:3      | Gained mutation: You have very sharp fingernails. [demonic ancestry]
  3909 | D:3      | Reached XP level 6. HP: 46/48 MP: 6/6
  4143 | D:3      | Found a shattered altar of Ashenzari.
  4562 | D:3      | Found an opulent altar of Gozag.
  5818 | D:4      | Quit the game

Vault maps used:
D:1:      dpeg_arrival_arbitrary_a
D:2:      nemelex_altar_shiori, bloody_trog
D:3:      lemuel_round_altar, marbit_many_paths, first_bread, uniq_sigmund
D:4:      makhleb_blood_cavern_becter, lemuel_coloured_pillars_altar,
          uniq_duvessa

Skill      XL: |  1  2  3  4  5  6 |
---------------+-------------------+-----
Dodging        | 3 4 |  4.1
Axes           | 3 4 |  4.1
Stealth        | 2 3 |  3.6
Maces & Flails | 1 2 |  2.9
Fighting       | |  3.8
Armour         | |  0.3

Action                   |  1- 3 |  4- 6 || total
-------------------------+-------+-------++-------
Melee: Hand axe          |   115 |    88 ||   203
       Morningstar       |       |    80 ||    80
       Quarterstaff      |       |    10 ||    10
       Battleaxe         |       |    29 ||    29
  Use: Scroll            |     4 |     3 ||     7
       Potion            |     1 |     4 ||     5
 Stab: Sleeping          |    10 |    11 ||    21
       Distracted        |     1 |     1 ||     2
  Eat: Chunk             |     5 |    10 ||    15
Armor: Robe              |    12 |    19 ||    31
       Leather armour    |       |     5 ||     5
Dodge: Dodged            |    76 |   180 ||   256
